Map: Kairos Junction LE

Players

GLADIATOR

  • Race: Zerg Zerg
  • League: Master
  • Spawn Location: 11:00

Mez - Winner!

  • Race: Terran Terran
  • League: Diamond
  • Spawn Location: 5:00

VOD

Have the link to the VOD?

Description

Time

  • Played on: July 27, 2019, 11:52 p.m.
  • Length: 8:51
Show
View Real Time Build Order
Export as new Build Order

GLADIATOR Zerg 

Build Orders: Pool First, Muta Ling Bane 

Get SALT Encoding   

  12  0:01  Drone  
  13  0:13  Overlord  
  13  0:19  Drone  
  14  0:32  Drone  
  14  0:33  Drone  
  16  0:36  Drone  
  17  0:46  Spawning Pool  
  17  0:48  Drone  
  17  1:01  Extractor  
  16  1:12  Hatchery  
  16  1:16  Drone  
  16  1:33  Zergling x4  
  16  1:34  Zergling x2  
  16  1:35  Queen  
  21  1:47  Overlord  
  21  1:56  Drone  
  22  2:06  Zergling x2  
  23  2:14  Queen  
  25  2:20  Drone  
  26  2:24  Queen  
  26  2:29  Metabolic Boost  
  28  2:39  Drone  
  27  3:06  Drone  
  27  3:07  Drone x6  
  32  3:14  Overlord  
  32  3:16  Lair  
  32  3:20  Zergling x2  
  32  3:25  Zergling x2  
  34  3:33  Zergling x2  
  35  3:47  Zergling x6  
  35  3:48  Drone x4  
  40  3:49  Drone  
  43  4:03  Extractor  
  43  4:05  Overlord, Extractor  
  41  4:11  Baneling Nest  
  41  4:12  Overlord x3  
  40  4:27  Spire  
  40  4:31  Drone  
  40  4:32  Drone x4  
  40  4:35  Extractor  
  43  4:47  Overlord  
  43  4:48  Drone x3  
  43  4:49  Drone x2  
  48  5:00  Baneling x5  
  48  5:01  Zergling x8  
  52  5:15  Overlord  
  51  5:39  Mutalisk  
  51  5:40  Mutalisk x4  
  51  5:42  Mutalisk  
  63  5:47  Drone  
  63  5:48  Drone x4  
  68  5:59  Overseer  
  68  6:02  Hatchery  
  67  6:11  Drone x3  
  67  6:12  Drone  
  71  6:22  Drone  
  71  6:23  Drone x4  
  76  6:28  Centrifical Hooks  
  76  6:32  Evolution Chamber  
  75  6:35  Evolution Chamber  
  74  7:01  Mutalisk  
  74  7:02  Mutalisk x3  
  74  7:03  Zergling x2  
  74  7:05  Overlord x4  
  83  7:20  Mutalisk  
  83  7:22  Overlord x2  
  85  7:32  Zergling x2  
  85  7:33  Zergling x10  
  91  7:40  Baneling  
  91  7:41  Baneling x3  
  84  8:02  Zergling x2  
  84  8:03  Zergling x10  
  82  8:19  Mutalisk x3  
  50  8:29  Zergling x2  
  50  8:31  Zergling x2  
  50  8:32  Zergling x22  
  50  8:33  Zergling x2  
Show
View Real Time Build Order
Export as new Build Order

Mez Terran - Winner!

Build Orders: Reaper Expand 

Get SALT Encoding   

  12  0:00  SCV  
  13  0:12  SCV  
  14  0:17  Supply Depot  
  14  0:25  SCV  
  15  0:38  SCV  
  15  0:41  Barracks  
  16  0:44  Refinery  
  16  0:51  SCV  
  17  1:03  SCV  
  18  1:17  SCV  
  19  1:29  Reaper  
  19  1:30  Orbital Command  
  20  1:41  Command Center  
  20  1:49  Supply Depot  
  20  1:55  Barracks  
  20  1:56  SCV  
  21  2:03  Barracks Reactor  
  21  2:09  Supply Depot  
  21  2:11  SCV  
  22  2:21  Barracks  
  22  2:24  SCV  
  22  2:42  Marine x2  
  22  2:44  Marine  
  21  3:02  Marine x2  
  21  3:03  Marine  
  22  3:13  SCV  
  22  3:14  Barracks Tech Lab  
  22  3:18  Orbital Command  
  23  3:23  Marine x3  
  26  3:27  SCV  
  26  3:31  Combat Shield  
  27  3:43  Orbital Command  
  27  3:45  SCV  
  27  3:46  SCV, Marine x3  
  32  3:49  Marine  
  32  4:10  Engineering Bay, Marine x4  
  32  4:11  SCV x2  
  38  4:23  SCV x2  
  40  4:25  Supply Depot  
  40  4:30  Marine  
  40  4:31  Marine x3  
  43  4:35  SCV x2  
  43  4:38  Terran Infantry Weapons Level 1  
  45  4:55  Bunker, Marine x4  
  45  4:59  Factory  
  49  5:04  SCV x2  
  51  5:09  Stimpack  
  51  5:16  SCV x2  
  51  5:20  Barracks Reactor  
  51  5:21  Marine  
  53  5:26  Supply Depot  
  54  5:34  Refinery  
  54  5:35  Refinery, Supply Depot  
  54  5:47  SCV x2, Marine x2, Starport, Factory Reactor  
  58  5:55  Marine  
  59  5:59  Supply Depot  
  59  6:02  SCV x2  
  61  6:05  Marine x2  
  61  6:06  Marine x2  
  65  6:14  SCV x2  
  67  6:19  Marine  
  67  6:25  Supply Depot  
  68  6:26  SCV x2  
  68  6:29  Marine x4  
  68  6:31  Medivac x2  
  78  6:37  Marine  
  78  6:39  SCV  
  78  6:42  SCV  
  77  6:58  SCV  
  78  7:12  Missile Turret, Supply Depot  
  78  7:15  SCV x2, Marine x5  
  85  7:16  Missile Turret  
  85  7:27  SCV, Supply Depot  
  86  7:33  Marine, Medivac x2  
  91  7:38  Command Center  
  91  7:39  Supply Depot  
  91  7:42  Marine x2  
  93  7:48  SCV  
  93  7:49  SCV  
  81  8:01  Marine x5  
  81  8:03  SCV x2  
  84  8:08  Medivac x2  
  88  8:15  SCV x2  
  88  8:19  Marine  
  87  8:24  Marine x4  
  89  8:27  SCV x2  
Tags
 
Add a new tag
Caveats
  • Supply blocks, unpowered buildings, or Contaminate may cause inaccurate times.
  • Supply counts are checked every 10 seconds.